 Dungeon Crawl Stone Soup version 0.22-a0-348-gd16d139 (webtiles) character file.

559 inmateoo the Ducker (level 7, -1/43 HPs)
             Began as a Merfolk Earth Elementalist on Apr 9, 2018.
             Was a Follower of Hepliaklqana.
             Slain by an iguana (13 damage)
             ... on level 4 of the Dungeon.
             The game lasted 00:06:05 (3450 turns).

inmateoo the Ducker (Merfolk Earth Elementalist)    Turns: 3450, Time: 00:06:05

Health: -1/43      AC:  3    Str:  9    XL:     7   Next: 31%
Magic:  11/12      EV: 15    Int: 16    God:    Hepliaklqana [*.....]
Gold:   178        SH:  0    Dex: 14    Spells: 6/12 levels left

rFire    . . .     SeeInvis .   a - +1 dagger (venom)
rCold    . . .     Gourm    +   (no shield)
rNeg     . . .     Faith    .   c - +0 robe
rPois    .         Spirit   .   (no helmet)
rElec    .         Reflect  .   (no cloak)
rCorr    .         Harm     .   (no gloves)
MR       .....                  w - +0 pair of boots
Stlth    +++.......             p - amulet of the gourmand
HPRegen  0.14/turn              (no ring)
MPRegen  0.13/turn              (no ring)

@: no status effects
A: change form in water, swift swim, stealthy swim, reduced essence
a: Recall Ancestor, Ancestor Identity, Renounce Religion


You were on level 4 of the Dungeon.
You worshipped Hepliaklqana.
Hepliaklqana was aware of your devotion.
You were completely stuffed.

You visited 1 branch of the dungeon, and saw 4 of its levels.

You collected 178 gold pieces.

Inventory:

Hand Weapons
 a - a +1 dagger of venom (weapon)
 s - a +0 trident
 y - a +1 dagger of draining
Missiles
 b - 79 stones (quivered)
 n - 9 javelins
Armour
 c - a +0 robe (worn)
 w - a +0 pair of boots (worn)
Jewellery
 p - an amulet of the gourmand (around neck)
Wands
 k - a wand of random effects (65)
Scrolls
 h - 2 scrolls of immolation
 j - a scroll of blinking
 u - a scroll of magic mapping {unknown}
 z - a scroll of teleportation {unknown}
 A - a scroll of enchant weapon
Potions
 e - 2 potions of magic {unknown}
 f - 2 potions of cancellation {unknown}
 g - a potion of haste
 i - a potion of degeneration {unknown}
 l - 2 potions of curing
 m - a potion of flight {unknown}
 o - a potion of agility
 q - a potion of berserk rage
 t - a potion of heal wounds {unknown}
 v - a potion of invisibility {unknown}
Comestibles
 d - 10 rations
 x - a chunk of flesh


   Skills:
 + Level 1.4 Fighting
 * Level 3.0 Polearms
 * Level 5.1 Dodging
 - Level 4.0 Stealth
 + Level 3.4 Spellcasting
 * Level 1.8 Conjurations
 - Level 1.3 Transmutations
 * Level 3.7 Earth Magic


You had 6 spell levels left.
You knew the following spells:

 Your Spells              Type           Power        Failure   Level  Hunger
a - Sandblast             Erth           ##....       3%          1    None
b - Passwall              Tmut/Erth      ##........   10%         2    ##.....
c - Stone Arrow           Conj/Erth      ##....       17%         3    ###....


Dungeon Overview and Level Annotations

Branches:
Dungeon (4/15)
 Temple: D:4-7

Altars:
Dithmenos
Gozag
Hepliaklqana
Ru
Vehumet
Wu Jian

Annotations:
D:4 xccam's ghost, novice GnWn


Message History

Press: ? - help, Shift-Dir - straight line, f/p - iguana
Aim: an iguana (lightly wounded) Really fire in your ally Tlaloc's direction?
Okay, then.
The iguana bites Tlaloc!
Tlaloc closely misses the iguana.
The iguana bites Tlaloc!
Tlaloc completely misses the iguana.
The iguana barely misses Tlaloc.
Tlaloc hits the iguana but does no damage.
The iguana bites Tlaloc!
Tlaloc is destroyed!
The iguana bites you.
You closely miss the iguana.
The iguana is lightly wounded.
The iguana bites you!
* * * LOW HITPOINT WARNING * * *
You are too injured to fight recklessly!
You hit the iguana but do no damage.
The iguana is poisoned.
The iguana is lightly wounded.
The iguana bites you!
You die...

#######..##......###......# #
#.........#))รท.................
.
#.........#......###....#..######
#..)......#................#
#........>#)(....###....##.#
#................# ###.## .#
#.........#......# .. .$
#.........######.# .### ..
#.........# #@###.....
########### #.l....# ###...##
.....# ....... ....... :......
...)... ......#


You could see an iguana.

Vanquished Creatures
  Sigmund (D:3)
  An ogre (D:4)
  A hound (D:3)
  Ijyb (D:3)
  Terence (D:3)
  2 worker ants (D:3)
  5 adders
  An ooze (D:1)
  A worm (D:4)
  2 dart slugs (D:1)
  4 leopard geckos
  5 orcs
  3 ball pythons
  11 bats
  2 giant cockroaches
  7 goblins
  4 hobgoblins
  2 jackals (D:2)
  3 quokkas (D:2)
  8 frilled lizards
  14 kobolds
  5 rats
84 creatures vanquished.

Vanquished Creatures (collateral kills)
  An orc wizard (D:4)
  2 adders
  A worm (D:4)
  A leopard gecko (D:3)
  An orc (D:4)
  A quokka (D:3)
  2 bats
  2 jackal skeletons (D:4)
11 creatures vanquished.

Vanquished Creatures (others)
  2 ancestors (D:4)
2 creatures vanquished.

Grand Total: 97 creatures vanquished

Notes
Turn   | Place    | Note
-------+----------+-------------------------------------------
     0 | D:1      | inmateoo the Merfolk Earth Elementalist began the quest for the Orb.
     0 | D:1      | Reached XP level 1. HP: 13/13 MP: 3/3
    36 | D:1      | Reached skill level 3 in Dodging
    36 | D:1      | Reached XP level 2. HP: 19/19 MP: 0/5
   478 | D:1      | Reached XP level 3. HP: 22/24 MP: 6/6
  1207 | D:2      | Reached XP level 4. HP: 23/30 MP: 7/7
  1321 | D:2      | Found an opulent altar of Gozag.
  1482 | D:2      | Found a sacrificial altar of Ru.
  1494 | D:2      | Found a hazy altar of Hepliaklqana.
  1498 | D:2      | Became a worshipper of Hepliaklqana the Forgotten
  1556 | D:2      | Learned a level 2 spell: Passwall
  1560 | D:2      | Learned a level 3 spell: Stone Arrow
  2078 | D:3      | Noticed Ijyb
  2085 | D:3      | Killed Ijyb
  2088 | D:3      | Reached skill level 4 in Dodging
  2088 | D:3      | Reached XP level 5. HP: 20/31 MP: 9/9
  2475 | D:3      | Reached * piety under Hepliaklqana
  2535 | D:3      | Noticed Terence
  2545 | D:3      | Killed Terence
  2569 | D:3      | Noticed Sigmund
  2588 | D:3      | Killed Sigmund
  2588 | D:3      | Reached skill level 1 in Conjurations
  2588 | D:3      | Reached XP level 6. HP: 6/37 MP: 8/10
  3100 | D:4      | Reached skill level 1 in Fighting
  3119 | D:4      | Found a radiant altar of Vehumet.
  3130 | D:4      | Found a shadowy altar of Dithmenos.
  3137 | D:4      | Found an ornate altar of the Wu Jian Council.
  3171 | D:4      | Noticed xccam's ghost (novice GnWn)
  3301 | D:4      | Reached skill level 5 in Dodging
  3301 | D:4      | Reached XP level 7. HP: 31/43 MP: 2/12
  3450 | D:4      | Slain by an iguana

Vault maps used:
D:1:      roderic_dead_forest
D:2:      overflow_temple_1_default, grunt_gozag_statues,
          grunt_decor_mini_mirrors, hangedman_ru_absence
D:3:      uniq_ijyb, uniq_terence, uniq_sigmund
D:4:      fiery_altar_vehumet, lemuel_crystal_altar, lemuel_crystal_altar,
          first_ration, portal_sewer_entry_b

Skill      XL: |  1  2  3  4  5  6  7 |
---------------+----------------------+-----
Dodging        | 3 4 5 |  5.1
Stealth        | 3 4 |  4.0
Earth Magic    | 3 |  3.7
Spellcasting   | 3 |  3.4
Polearms       | 2 3 |  3.0
Conjurations   | 1 |  1.8
Fighting       | 1 |  1.4
Transmutations | |  1.3

Action                   |  1- 3 |  4- 6 |  7- 9 || total
-------------------------+-------+-------+-------++-------
Melee: Unarmed           |    11 |       |       ||    11
       Dagger            |    77 |   123 |    19 ||   219
Throw: Stone             |       |     1 |       ||     1
 Cast: Sandblast         |    10 |    12 |     7 ||    29
       Stone Arrow       |       |     2 |     1 ||     3
Invok: Recall Ancestor   |       |     1 |       ||     1
Evoke: Wand              |       |     1 |       ||     1
  Use: Scroll            |     9 |     3 |     1 ||    13
       Potion            |       |     1 |       ||     1
 Stab: Sleeping          |     5 |     9 |       ||    14
  Eat: Chunk             |     1 |    13 |     3 ||    17
Armor: Robe              |    23 |    21 |     2 ||    46
Dodge: Dodged            |    68 |    97 |     8 ||   173

Table legend:
 A = Spawn XP
 B = Non-spawn XP
 C = Spawn XP percentage of total XP
 D = Spawn monster count
 E = Non-spawn monster count
 F = Spawn count percentage of total count
 G = Total turns spent on level
                    A         B        C        D         E        F      G
               +---------+---------+-------+---------+---------+-------+---------
         Total |       0 |     799 |   0.0 |       0 |      95 |   0.0 |  3450
               +---------+---------+-------+---------+---------+-------+---------
           D:1 |       0 |      58 |   0.0 |       0 |      29 |   0.0 |  1025
           D:2 |       0 |      49 |   0.0 |       0 |      21 |   0.0 |  1035
           D:3 |       0 |     487 |   0.0 |       0 |      31 |   0.0 |  1086
           D:4 |       0 |     205 |   0.0 |       0 |      14 |   0.0 |   304
               +---------+---------+-------+---------+---------+-------+---------
